HSSL
ROCKY POINT HS EAGLES @ JEFFERSONVILLE-YOUNGSVILLE CENTRAL HS TROJANS
05/22/2029
 
TOP OF THE 1ST
Rocky Point HS Eagles batting - Pitching for Jeffersonville-Youngsville Central HS Trojans : RHP Tim Beach
Pitching: RHP Tim Beach
Batting: RHB Corey Martin 0-0: Ball
1-0: Ball
2-0: Bunt missed!
2-1: SINGLE (Line Drive, 7S)
Batting: RHB Glen Williams 0-0: Ball
Corey Martin steals 2nd base
1-0: Ground out 6-3 (Groundball, 6)
Corey Martin to third
Batting: LHB Daryl Thomas 0-0: Ball
1-0: Ball
2-0: Called Strike
2-1: Ball
3-1: Base on Balls
Batting: RHB Yan Gosselin 0-0: Ball
1-0: Called Strike
1-1: Foul Ball, location: 2F
1-2: Strikes out swinging
Batting: LHB Stanton Moore 0-0: Foul Ball, location: 2F
0-1: Swinging Strike
0-2: Ball
Passed Ball!
Corey Martin scores
Daryl Thomas to second
1-2: Ball
2-2: Strikes out looking
Top of the 1st over - 1 run, 1 hit, 0 errors, 1 left on base; Rocky Point HS 1 - Jeffersonville-Youngsville Central HS 0
BOTTOM OF THE 1ST
Jeffersonville-Youngsville Central HS Trojans batting - Pitching for Rocky Point HS Eagles : RHP Mark Thompson
Pitching: RHP Mark Thompson
Batting: RHB José Rocha 0-0: Ground out 3-1 (Groundball, 34)
Batting: LHB Tomás Mata 0-0: Foul Ball, location: 2F
0-1: Called Strike
0-2: Ball
1-2: SINGLE (Groundball, 56D)
Batting: LHB Tony Chávez 0-0: Called Strike
0-1: Foul Ball, location: 2F
0-2: Foul Ball, location: 2F
0-2: Fly out, F9 (Flyball, 9S)
Batting: RHB Glenn Brooks 0-0: Ball
1-0: Foul Ball, location: 2F
1-1: Ball
2-1: Ball
3-1: Base on Balls
Tomás Mata to second
Batting: LHB Ben Webb 0-0: Ground out 4-3 (Groundball, 4MS)
Bottom of the 1st over - 0 runs, 1 hit, 0 errors, 2 left on base; Rocky Point HS 1 - Jeffersonville-Youngsville Central HS 0
TOP OF THE 2ND
Rocky Point HS Eagles batting - Pitching for Jeffersonville-Youngsville Central HS Trojans : RHP Tim Beach
Batting: RHB Sam McWalter 0-0: Ball
1-0: Swinging Strike
1-1: SINGLE (Groundball, 34D)
Batting: RHB Bud Manning 0-0: Foul Ball, location: 2F
0-1: Ground out 3-1 (Groundball, 34S)
Sam McWalter to second
Batting: RHB Cornell Clark 0-0: Foul Ball, location: 2F
0-1: Foul Ball, location: 2F
0-2: Ball
1-2: Foul Ball, location: 2F
1-2: Ball
2-2: Ball
3-2: Strikes out looking
Batting: RHB Vincent Turner 0-0: Ball
1-0: Foul Ball, location: 2F
1-1: Called Strike
1-2: Strikes out swinging
Top of the 2nd over - 0 runs, 1 hit, 0 errors, 1 left on base; Rocky Point HS 1 - Jeffersonville-Youngsville Central HS 0
BOTTOM OF THE 2ND
Jeffersonville-Youngsville Central HS Trojans batting - Pitching for Rocky Point HS Eagles : RHP Mark Thompson
Batting: RHB Ben Bradley 0-0: Ball
1-0: Ground out 6-3 (Groundball, 6MS)
Batting: LHB Steve Parker 0-0: Ball
1-0: Ball
2-0: SINGLE (Groundball, 56S) (infield hit)
Batting: LHB Ed Williams 0-0: Swinging Strike
0-1: Ball
1-1: Foul Ball, location: 2F
1-2: Ground out 5-3 (Groundball, 2L)
Steve Parker to second
Batting: RHB Duane Bradley 0-0: Ball
1-0: Ball
2-0: Called Strike
2-1: Fly out, F7 (Flyball, 7LM)
Bottom of the 2nd over - 0 runs, 1 hit, 0 errors, 1 left on base; Rocky Point HS 1 - Jeffersonville-Youngsville Central HS 0
TOP OF THE 3RD
Rocky Point HS Eagles batting - Pitching for Jeffersonville-Youngsville Central HS Trojans : RHP Tim Beach
Batting: RHB Corey Martin 0-0: Foul Ball, location: 2F
0-1: Called Strike
0-2: Ball
1-2: Ball
2-2: Strikes out swinging
Batting: RHB Glen Williams 0-0: Ball
1-0: Ball
2-0: SINGLE (Line Drive, 8LS)
Batting: LHB Daryl Thomas 0-0: Foul Ball, location: 2F
0-1: Ball
1-1: Ball
2-1: Called Strike
2-2: Strikes out swinging
Batting: RHB Yan Gosselin 0-0: Foul Ball, location: 2F
0-1: Ball
1-1: Ball
2-1: Swinging Strike
2-2: Fielders Choice at 2nd, U6 (Groundball, 6M)
Top of the 3rd over - 0 runs, 1 hit, 0 errors, 1 left on base; Rocky Point HS 1 - Jeffersonville-Youngsville Central HS 0
BOTTOM OF THE 3RD
Jeffersonville-Youngsville Central HS Trojans batting - Pitching for Rocky Point HS Eagles : RHP Mark Thompson
Batting: RHB José Rocha 0-0: Ball
1-0: Ball
2-0: Ball
3-0: Base on Balls
Batting: LHB Tomás Mata 0-0: Ball
1-0: Ball
2-0: Called Strike
2-1: Foul Ball, location: 2F
2-2: Ball
3-2: Fly out, F8 (Flyball, 8RM)
Batting: LHB Tony Chávez 0-0: Called Strike
0-1: Ball
1-1: 2-RUN HOME RUN (Flyball, 9D), Distance : 378 ft
Batting: RHB Glenn Brooks 0-0: Called Strike
0-1: Ball
1-1: Ball
2-1: Swinging Strike
2-2: Foul Ball, location: 2F
2-2: Ball
3-2: Foul Ball, location: 2F
3-2: Base on Balls
Batting: LHB Ben Webb 0-0: Called Strike
0-1: Called Strike
0-2: Ball
1-2: SINGLE (Flyball, 9LS)
Glenn Brooks to second
Runner from 2nd tries for 3rd, SAFE, no throw
Batting: RHB Ben Bradley 0-0: Ball
1-0: Called Strike
1-1: Fly out, F7 (Flyball, 7LS)
Runner from 3rd tags up, SCORES, no throw
Batting: LHB Steve Parker 0-0: Foul Ball, location: 2F
0-1: Ball
Balk!
Ben Webb to second
1-1: Ball
2-1: Ball
3-1: Foul Ball, location: 2F
3-2: Base on Balls
Batting: LHB Ed Williams 0-0: Ball
1-0: Fly out, F9 (Flyball, 9S)
Bottom of the 3rd over - 3 runs, 2 hits, 0 errors, 2 left on base; Rocky Point HS 1 - Jeffersonville-Youngsville Central HS 3
TOP OF THE 4TH
Rocky Point HS Eagles batting - Pitching for Jeffersonville-Youngsville Central HS Trojans : RHP Tim Beach
Batting: LHB Stanton Moore 0-0: Ball
1-0: Called Strike
1-1: Fly out, F8 (Flyball, 8LD)
Batting: RHB Sam McWalter 0-0: Ball
1-0: Called Strike
1-1: Ground out U3 (Groundball, 3L)
Batting: RHB Bud Manning 0-0: Ball
1-0: Ball
2-0: Ball
3-0: Called Strike
3-1: Ground out 5-3 (Groundball, 56)
Top of the 4th over - 0 runs, 0 hits, 0 errors, 0 left on base; Rocky Point HS 1 - Jeffersonville-Youngsville Central HS 3
BOTTOM OF THE 4TH
Jeffersonville-Youngsville Central HS Trojans batting - Pitching for Rocky Point HS Eagles : RHP Mark Thompson
Batting: RHB Duane Bradley 0-0: Ball
1-0: Called Strike
1-1: Fly out, F8 (Line Drive, 8RM)
Batting: RHB José Rocha 0-0: Called Strike
0-1: Ball
1-1: Ball
2-1: Foul Ball, location: 2F
2-2: Foul Ball, location: 2F
2-2: Fly out, F7 (Flyball, 7S)
Batting: LHB Tomás Mata 0-0: Foul Ball, location: 2F
0-1: Ball
1-1: Ball
2-1: SINGLE (Line Drive, 9LM)
Batting: LHB Tony Chávez 0-0: Called Strike
0-1: Ball
1-1: Ball
2-1: SINGLE (Flyball, 89M)
Tomás Mata to second
Runner from 2nd tries for 3rd, SAFE, no throw
Pitching: LHP Robert Leach
Batting: RHB Glenn Brooks 0-0: Ball
1-0: Fly out, F8 (Flyball, 78D)
Bottom of the 4th over - 0 runs, 2 hits, 0 errors, 2 left on base; Rocky Point HS 1 - Jeffersonville-Youngsville Central HS 3
TOP OF THE 5TH
Rocky Point HS Eagles batting - Pitching for Jeffersonville-Youngsville Central HS Trojans : RHP Tim Beach
Batting: RHB Cornell Clark 0-0: Called Strike
0-1: Ground out 5-3 (Groundball, 56)
Batting: RHB Vincent Turner 0-0: Called Strike
0-1: Ball
1-1: Ball
2-1: Called Strike
2-2: Ball
3-2: Base on Balls
Batting: RHB Corey Martin 0-0: Called Strike
0-1: Swinging Strike
0-2: Ball
1-2: Ground out 6-3 (Groundball, 6S)
Vincent Turner to second
Batting: RHB Glen Williams 0-0: Ball
1-0: Ball
2-0: Foul Ball, location: 2F
2-1: SINGLE (Groundball, 6MD)
Vincent Turner to third
Runner from 3rd tries for Home, SAFE, no throw
Pitching: RHP Harry Rodgers
Batting: LHB Daryl Thomas 0-0: Called Strike
0-1: Foul Ball, location: 2F
0-2: Foul Ball, location: 2F
0-2: Ball
1-2: Strikes out swinging
Top of the 5th over - 1 run, 1 hit, 0 errors, 1 left on base; Rocky Point HS 2 - Jeffersonville-Youngsville Central HS 3
BOTTOM OF THE 5TH
Jeffersonville-Youngsville Central HS Trojans batting - Pitching for Rocky Point HS Eagles : LHP Robert Leach
Batting: LHB Ben Webb 0-0: Ball
1-0: Ball
2-0: Called Strike
2-1: Foul Ball, location: 2F
2-2: Ball
3-2: Fly out, F4 (Popup, 13)
Batting: RHB Ben Bradley 0-0: Foul Ball, location: 2F
0-1: Foul Ball, location: 2F
0-2: Strikes out swinging
Batting: LHB Steve Parker 0-0: Called Strike
0-1: Ball
1-1: Ball
2-1: Called Strike
2-2: Foul Ball, location: 2F
2-2: Strikes out swinging
Bottom of the 5th over - 0 runs, 0 hits, 0 errors, 0 left on base; Rocky Point HS 2 - Jeffersonville-Youngsville Central HS 3
TOP OF THE 6TH
Rocky Point HS Eagles batting - Pitching for Jeffersonville-Youngsville Central HS Trojans : RHP Harry Rodgers
Batting: RHB Yan Gosselin 0-0: Ball
1-0: Ball
2-0: Foul Ball, location: 2F
2-1: Called Strike
2-2: SOLO HOME RUN (Flyball, 7LD), Distance : 369 ft
Batting: LHB Stanton Moore 0-0: Ball
1-0: Fly out, F3 (Flyball, 34D)
Batting: RHB Sam McWalter 0-0: Ball
1-0: Ball
2-0: Ball
3-0: Called Strike
3-1: Base on Balls
Batting: RHB Bud Manning 0-0: Ball
1-0: Ball
2-0: Ball
3-0: Base on Balls
Sam McWalter to second
Batting: RHB Cornell Clark 0-0: Ball
1-0: Foul Ball, location: 2F
1-1: Ball
2-1: Ball
3-1: Base on Balls
Sam McWalter to third
Bud Manning to second
Batting: RHB Vincent Turner 0-0: Ball
1-0: Ball
2-0: Ball
3-0: Called Strike
3-1: Base on Balls
Sam McWalter scores
Bud Manning to third
Cornell Clark to second
Pitching: RHP Jerry Billings
Batting: RHB Corey Martin 0-0: Ball
1-0: Called Strike
1-1: Foul Ball, location: 2F
1-2: Foul Ball, location: 2F
1-2: Foul Ball, location: 2F
1-2: Strikes out swinging
Batting: RHB Glen Williams 0-0: Called Strike
0-1: Ball
1-1: Called Strike
1-2: Ball
Wild Pitch!
Bud Manning scores
Cornell Clark to third
Vincent Turner to second
2-2: Foul Ball, location: 2F
2-2: Ball
3-2: Foul Ball, location: 2F
3-2: Foul Ball, location: 2F
3-2: Foul Ball, location: 2F
3-2: Base on Balls
Batting: LHB Daryl Thomas 0-0: Ball
1-0: Ball
2-0: Fly out, F8 (Flyball, 8RM)
Top of the 6th over - 3 runs, 1 hit, 0 errors, 3 left on base; Rocky Point HS 5 - Jeffersonville-Youngsville Central HS 3
BOTTOM OF THE 6TH
Jeffersonville-Youngsville Central HS Trojans batting - Pitching for Rocky Point HS Eagles : LHP Robert Leach
Batting: LHB Ed Williams 0-0: Called Strike
0-1: Ball
1-1: SINGLE (Groundball, 4MD)
Batting: RHB Duane Bradley 0-0: Ball
1-0: 2-RUN HOME RUN (Flyball, 9D), Distance : 379 ft
Batting: RHB José Rocha 0-0: Ball
1-0: Ball
2-0: Ball
3-0: Base on Balls
Pitching: LHP Mike Waddingham
Batting: LHB Tomás Mata 0-0: Ball
1-0: Ball
2-0: Grounds into double play, 1-6-3 (Groundball, 13)
Batting: LHB Tony Chávez 0-0: Ball
1-0: Ball
2-0: Ball
3-0: Base on Balls
Batting: RHB Glenn Brooks 0-0: Ball
1-0: Swinging Strike
1-1: Ball
2-1: Foul Ball, location: 2F
2-2: DOUBLE (Line Drive, 89D)
Tony Chávez to third
Tony Chávez scores
Batting: LHB Ben Webb 0-0: Ball
1-0: Called Strike
1-1: Ball
2-1: Ball
3-1: Base on Balls
Batting: RHB Ben Bradley 0-0: Ball
1-0: Ball
2-0: Ball
3-0: Base on Balls
Glenn Brooks to third
Ben Webb to second
Batting: LHB Steve Parker 0-0: Called Strike
0-1: Swinging Strike
0-2: Ball
1-2: Foul Ball, location: 2F
1-2: Strikes out looking
Bottom of the 6th over - 3 runs, 3 hits, 0 errors, 3 left on base; Rocky Point HS 5 - Jeffersonville-Youngsville Central HS 6
TOP OF THE 7TH
Rocky Point HS Eagles batting - Pitching for Jeffersonville-Youngsville Central HS Trojans : RHP Jerry Billings
Batting: RHB Yan Gosselin 0-0: Called Strike
0-1: Ball
1-1: Called Strike
1-2: Ball
2-2: Foul Ball, location: 2F
2-2: Ball
3-2: Fly out, F9 (Flyball, 89D)
Batting: LHB Stanton Moore 0-0: Ball
1-0: DOUBLE (Groundball, 3L)
Batting: RHB Sam McWalter 0-0: Ball
1-0: Called Strike
1-1: Ball
2-1: Fly out, F8 (Flyball, 89D)
Runner from 2nd tags up, SAFE at 3rd with throw
Batting: RHB Bud Manning 0-0: Called Strike
0-1: Ball
1-1: Swinging Strike
1-2: Strikes out swinging
Top of the 7th over - 0 runs, 1 hit, 0 errors, 1 left on base; Rocky Point HS 5 - Jeffersonville-Youngsville Central HS 6
BOTTOM OF THE 7TH
Jeffersonville-Youngsville Central HS Trojans batting - Pitching for Rocky Point HS Eagles : LHP Mike Waddingham
Batting: LHB Ed Williams 0-0: Ball
1-0: Foul Ball, location: 2F
1-1: Foul Ball, location: 2F
1-2: Ground out U3 (Groundball, 3)
Batting: RHB Duane Bradley 0-0: Ball
1-0: Foul Ball, location: 2F
1-1: Ball
2-1: Foul Ball, location: 2F
2-2: Strikes out swinging
Batting: RHB José Rocha 0-0: Called Strike
0-1: Ball
1-1: Ball
2-1: Called Strike
2-2: Foul Ball, location: 2F
2-2: Ball
3-2: Strikes out swinging
Bottom of the 7th over - 0 runs, 0 hits, 0 errors, 0 left on base; Rocky Point HS 5 - Jeffersonville-Youngsville Central HS 6
TOP OF THE 8TH
Rocky Point HS Eagles batting - Pitching for Jeffersonville-Youngsville Central HS Trojans : RHP Jerry Billings
Pitching: RHP Russ Hammond
Now in RF: Jack Slater
Batting: RHB Cornell Clark 0-0: Swinging Strike
0-1: Swinging Strike
0-2: Ground out 6-3 (Groundball, 6)
Batting: RHB Vincent Turner 0-0: Called Strike
0-1: Ball
1-1: Ground out 6-3 (Groundball, 6MD)
Batting: RHB Corey Martin 0-0: Swinging Strike
0-1: Swinging Strike
0-2: Foul Ball, location: 2F
0-2: Ball
1-2: Strikes out swinging
Top of the 8th over - 0 runs, 0 hits, 0 errors, 0 left on base; Rocky Point HS 5 - Jeffersonville-Youngsville Central HS 6
BOTTOM OF THE 8TH
Jeffersonville-Youngsville Central HS Trojans batting - Pitching for Rocky Point HS Eagles : LHP Mike Waddingham
Batting: LHB Tomás Mata 0-0: Called Strike
0-1: Ball
1-1: Swinging Strike
1-2: Foul Ball, location: 2F
1-2: Ball
2-2: Strikes out swinging
Batting: LHB Tony Chávez 0-0: Ball
1-0: Ground out U3 (Groundball, 34)
Batting: RHB Glenn Brooks 0-0: Fly out, F9 (Flyball, 9)
Bottom of the 8th over - 0 runs, 0 hits, 0 errors, 0 left on base; Rocky Point HS 5 - Jeffersonville-Youngsville Central HS 6
TOP OF THE 9TH
Rocky Point HS Eagles batting - Pitching for Jeffersonville-Youngsville Central HS Trojans : RHP Russ Hammond
Now at C: Robbie Harris
Batting: RHB Glen Williams 0-0: Ball
1-0: Ball
2-0: Ball
3-0: Called Strike
3-1: Called Strike
3-2: Base on Balls
Batting: LHB Daryl Thomas 0-0: Swinging Strike
0-1: SINGLE (Line Drive, 8LS)
Glen Williams to second
Batting: RHB Yan Gosselin 0-0: Swinging Strike
0-1: Foul Ball, location: 2F
0-2: Strikes out looking
Batting: LHB Stanton Moore 0-0: Ball
1-0: Ball
2-0: Swinging Strike
2-1: Swinging Strike
2-2: Strikes out looking
Batting: RHB Sam McWalter 0-0: Ball
1-0: Foul Ball, location: 2F
1-1: Foul Ball, location: 2F
1-2: SINGLE (Groundball, 4) (infield hit)
Glen Williams to third
Daryl Thomas to second
Batting: RHB Bud Manning 0-0: Ball
1-0: Ball
2-0: Ball
3-0: Base on Balls
Glen Williams scores
Daryl Thomas to third
Sam McWalter to second
Batting: RHB Cornell Clark 0-0: Swinging Strike
0-1: Ball
1-1: SINGLE (Groundball, 6D)
Daryl Thomas scores
Sam McWalter to third
Bud Manning to second
Runner from 3rd tries for Home, SAFE, no throw
Pinch Hitting: RHB Dave Burkholder 0-0: DOUBLE (Line Drive, 7D)
Bud Manning scores
Cornell Clark to third
Runner from 3rd tries for Home, SAFE, no throw
Pitching: RHP James Baker
Batting: RHB Corey Martin 0-0: SINGLE (Groundball, 6MD)
Dave Burkholder to third
Runner from 3rd tries for Home, SAFE, no throw
Batting: RHB Glen Williams 0-0: Hit by Pitch
Corey Martin to second
Batting: LHB Daryl Thomas 0-0: Called Strike
0-1: Ball
1-1: Ball
2-1: Swinging Strike
2-2: Ball
3-2: Base on Balls
Corey Martin to third
Glen Williams to second
Batting: RHB Yan Gosselin 0-0: Foul Ball, location: 2F
0-1: Ball
1-1: Ball
2-1: Fly out, F6 (Popup, 4M)
Top of the 9th over - 6 runs, 5 hits, 0 errors, 3 left on base; Rocky Point HS 11 - Jeffersonville-Youngsville Central HS 6
BOTTOM OF THE 9TH
Jeffersonville-Youngsville Central HS Trojans batting - Pitching for Rocky Point HS Eagles : LHP Mike Waddingham
Now at 1B: Dave Burkholder
Batting: LHB Ben Webb 0-0: Foul Ball, location: 2F
0-1: Foul Ball, location: 2F
0-2: Ball
1-2: Strikes out swinging
Batting: RHB Ben Bradley 0-0: Called Strike
0-1: Called Strike
0-2: Ball
1-2: Foul Ball, location: 2F
1-2: Fly out, F7 (Flyball, 7LS)
Pitching: RHP Jim Puckett
Batting: LHB Steve Parker 0-0: Called Strike
0-1: Ball
1-1: Ball
2-1: Ball
3-1: Base on Balls
Batting: RHB Jack Slater 0-0: Fly out, F9 (Flyball, 9S)
Bottom of the 9th over - 0 runs, 0 hits, 0 errors, 1 left on base; Rocky Point HS 11 - Jeffersonville-Youngsville Central HS 6
Saturday, December 16th, 2017 - OOTP Baseball 18.8 Build 76